 Dungeon Sprint DCSS version 0.28-a0-883-gc8d7bad45d (webtiles) character file.

Game seed: 10656212104888897690

19240 mhtbhm the Bludgeoner (level 12, -4/90 HPs)
             Began as a Gargoyle Fighter on Nov 21, 2021.
             Was an Initiate of Gozag.
             Slain by a white very ugly thing (27 damage)
             ... in the Dungeon (Sprint IX: "|||||||||||||||||||||||||||||").
             The game lasted 00:08:41 (3384 turns).

mhtbhm the Bludgeoner (Gargoyle Fighter)            Turns: 3384, Time: 00:08:43

Health: -4/90      AC: 37    Str: 24    XL:     12   Next: 66%
Magic:  12/12      EV: 11    Int: 10    God:    Gozag
Gold:   3795       SH:  7    Dex:  9    Spells: 11/11 levels left

rFire   . . .      SeeInvis .   a - +10 morningstar "Eos" {elec, Halo rElec}
rCold   . . .      Faith    .   c - +0 buckler
rNeg    + . .      Spirit   .   b - +4 chain mail {rPois}
rPois   ∞          Reflect  .   (no helmet)
rElec   +          Harm     .   z - +2 cloak {Stlth+}
rCorr   .          Rampage  .   m - +0 pair of gloves
Will    .....      NoTele   +   D - +1 pair of boots
Stlth   +.........              (no amulet)
HPRegen 0.25/turn               o - +2 ring of protection
MPRegen 0.13/turn               n - +2 ring of protection

@: gold aura, glowing
A: sickness immunity, AC +8, negative energy resistance 1, electricity
resistance, torment resistance 1, petrification resistance
a: Renounce Religion, Potion Petition, Call Merchant, Bribe Branch


You were in the Dungeon.
You worshipped Gozag.
Gozag was most pleased with you.
You visited 1 branch You collected 8375 gold pieces.
You spent 2674 gold pieces at shops.
You paid 1906 gold pieces to Gozag.

Inventory:

Hand Weapons
 a - the +10 morningstar "Eos" (weapon) {elec, Halo rElec}
   (You bought it in a shop in the Dungeon)

   It occasionally discharges a powerful burst of electricity upon striking a
   foe.
   It grants its wielder a halo, increasing accuracy against those within it.
   rElec:     It insulates you from electricity.
Missiles
 d - a throwing net (quivered)
Armour
 b - a +4 chain mail of poison resistance (worn)
 c - a +0 buckler (worn)
 m - a +0 pair of gloves (worn)
 z - a +2 cloak of stealth (worn)
 D - a +1 pair of boots (worn)
Jewellery
 n - a +2 ring of protection (right hand)
 o - a +2 ring of protection (left hand)
 w - an amulet of magic regeneration
 A - a ring of fire
 B - a ring of fire
 C - a ring of ice
Wands
 y - a wand of digging (3)
Scrolls
 j - 3 scrolls of blinking
 k - 2 scrolls of amnesia
 r - 3 scrolls of enchant armour
 s - 4 scrolls of enchant weapon
 t - a scroll of identify
 u - a scroll of fear
 E - 2 scrolls of fog
Potions
 e - 5 potions of curing
 f - 2 potions of resistance
 g - 2 potions of haste
 h - 4 potions of magic
 i - a potion of invisibility
 l - a potion of might
 p - 4 potions of berserk rage
 q - 3 potions of attraction
 v - a potion of flight
 x - 3 potions of heal wounds
 F - a potion of mutation


   Skills:
 + Level 16.7 Fighting
 + Level 19.0 Maces & Flails
 + Level 14.4 Armour
 + Level 7.4 Dodging
 + Level 9.6 Stealth
 + Level 13.5 Shields
 + Level 4.5 Evocations


You had 11 spell levels left.
You didn't know any spells.
Your spell library was empty.

Dungeon Overview and Level Annotations

Branches:
Dungeon (1/1)

Altars:
Cheibriados
Dithmenos
Elyvilon
Fedhas
Gozag
Hepliaklqana
Kikubaaqudgha
Makhleb
Nemelex Xobeh
Okawaru
Qazlal
Ru
Sif Muna
Trog
Uskayaw
Vehumet
Wu Jian
Xom
Yredelemnul
Zin
The Shining One
Beogh
Jiyva
Lugonu

Shops:
D (!:*


Innate Abilities, Weirdness & Mutations

You are immune to sickness and miasma.
Your stone body is resilient. (AC +8)
You are immune to poison.
You resist negative energy. (rN+)
You are resistant to electric shocks. (rElec)
You are resistant to unholy torment.
You are immune to petrification.


Message History

You throw a throwing net.
The throwing net barely misses the white very ugly thing.
The throwing net hits the stone giant.
The stone giant is too large for the net to hold!
The ball python is no longer distracted by gold.
The white very ugly thing is no longer distracted by gold.
The ball python is distracted by your dazzling golden aura.
The white very ugly thing trunk-slaps you but does no damage.
The ball python hisses angrily.
You impale the white very ugly thing!!
Lightning courses through the white very ugly thing!
The white very ugly thing is heavily wounded.
The boggart is no longer distracted by gold.
The boggart casts a spell.
The stone giant is distracted by your dazzling golden aura.
You barely miss the white very ugly thing.
The white very ugly thing is heavily wounded.
The stone giant shouts!
The boggart is distracted by your dazzling golden aura.
The white very ugly thing barely misses you.
The boggart shouts!
You hit the white very ugly thing but do no damage.
Lightning courses through the white very ugly thing!
The white very ugly thing is heavily wounded.
The boggart is no longer distracted by gold.
The frilled lizard is distracted by your dazzling golden aura.
The boggart casts a spell.
The white very ugly thing trunk-slaps you!
The white very ugly thing freezes you!!
* * * LOW HITPOINT WARNING * * *
The frilled lizard hisses angrily.
Unknown command.
You feel much better.
The ball python is no longer distracted by gold.
The stone giant is distracted by your dazzling golden aura.
The white very ugly thing trunk-slaps you!
* * * LOW HITPOINT WARNING * * *
The white very ugly thing freezes you!!
You die...
Your body crumbles into a pile of gold.

..[[...'.[.)........'.........'..
▓▓▓▓▓▓▓▓▓▓▓▓▓▓▓▓▓▓▓▓▓▓▓▓▓▓▓▓▓▓▓▓▓
.................................
▓▓▓▓▓▓▓▓▓▓▓▓▓▓▓▓▓▓▓▓▓▓▓▓▓▓▓▓▓▓▓▓▓
...'.....∩)∩)∩)∩))).)'.....))))))
▓▓▓▓▓▓▓▓▓▓▓▓▓▓▓▓▓▓▓▓▓▓▓▓▓▓▓▓▓▓▓▓▓
....................[............
▓▓▓▓▓▓▓▓▓▓▓▓▓▓▓▓▓▓▓▓▓▓▓▓▓▓▓▓▓▓▓▓▓
Cgl.SCu@$$+..B.......[[[
▓▓▓▓▓▓▓▓▓▓▓▓▓▓▓▓▓▓▓▓▓▓▓▓


You could see a white very ugly thing, 2 stone giants, a boggart, a ball python
(summoned) and a frilled lizard (summoned).

Vanquished Creatures
  A vampire knight (D)
  An ettin (D)
  Harold (D)
  3 hydras (D)
  A catoblepas (D)
  3 centaur warriors (D)
  3 orc high priests (D)
  A fire crab (shapeshifter) (D)
  A deep elf pyromancer (D)
  3 orc knights (D)
  4 orc sorcerers (D)
  A manticore (D)
  Maurice (D)
  3 cane toads (D)
  A rime drake (D)
  A freezing wraith (D)
  3 trolls (D)
  4 tyrant leeches (D)
  A blink frog (D)
  A wraith (D)
  A vampire (D)
  Grum (D)
  4 yaks (D)
  A basilisk (D)
  A vampire mosquito (D)
  4 water moccasins (D)
  9 orc warriors (D)
  A black bear (D)
  A centaur (D)
  4 wolves (D)
  A phantom (D)
  4 bullfrogs (D)
  A scorpion (D)
  A howler monkey (D)
  A hound (D)
  4 orc priests (D)
  3 orc wizards (D)
  2 adder skeletons (D)
  12 orcs (D)
  An endoplasm (D)
  2 goblins (D)
  A hobgoblin (D)
  A ball python (D)
99 creatures vanquished.

Notes
Turn   | Place    | Note
-------+----------+-------------------------------------------
     0 | D        | mhtbhm the Gargoyle Fighter began the quest for the Orb.
     0 | D        | Reached XP level 1. HP: 14/14 MP: 1/1
    12 | D        | Banished a spatial maelstrom
    64 | D        | Noticed a hound
    64 | D        | Noticed a scorpion
    64 | D        | Noticed a phantom
    71 | D        | Killed a phantom
    72 | D        | Reached skill level 5 in Fighting
    72 | D        | Reached skill level 3 in Maces & Flails
    72 | D        | Reached skill level 5 in Shields
    72 | D        | Reached XP level 2. HP: 22/22 MP: 2/2
    72 | D        | Reached XP level 3. HP: 27/27 MP: 3/3
    72 | D        | Reached XP level 4. HP: 32/32 MP: 4/4
    73 | D        | Killed a scorpion
    74 | D        | Reached skill level 4 in Maces & Flails
    74 | D        | Reached skill level 1 in Dodging
    74 | D        | Reached XP level 5. HP: 37/37 MP: 5/5
   127 | D        | Found a snail-covered altar of Cheibriados.
   127 | D        | Found a shadowy altar of Dithmenos.
   127 | D        | Found a white marble altar of Elyvilon.
   127 | D        | Found a blossoming altar of Fedhas.
   127 | D        | Found an opulent altar of Gozag.
   128 | D        | Found a hazy altar of Hepliaklqana.
   129 | D        | Found a viscous altar of Jiyva.
   130 | D        | Found an ancient bone altar of Kikubaaqudgha.
   131 | D        | Found a corrupted altar of Lugonu.
   132 | D        | Found a burning altar of Makhleb.
   133 | D        | Found a sparkling altar of Nemelex Xobeh.
   134 | D        | Found an iron altar of Okawaru.
   135 | D        | Found a stormy altar of Qazlal.
   136 | D        | Found a sacrificial altar of Ru.
   137 | D        | Found a shimmering blue altar of Sif Muna.
   141 | D        | Became a worshipper of Gozag Ym Sagoz the Greedy
   145 | D        | Found a bloodstained altar of Trog.
   146 | D        | Found a hide-covered altar of Uskayaw.
   147 | D        | Found a radiant altar of Vehumet.
   148 | D        | Found an ornate altar of the Wu Jian Council.
   149 | D        | Found a shimmering altar of Xom.
   150 | D        | Found a basalt altar of Yredelemnul.
   151 | D        | Found a glowing silver altar of Zin.
   152 | D        | Found a glowing golden altar of the Shining One.
   207 | D        | Noticed a centaur
   207 | D        | Noticed a yak
   207 | D        | Noticed a wraith
   207 | D        | Noticed a yak
   207 | D        | Noticed a troll
   212 | D        | Reached skill level 5 in Maces & Flails
   219 | D        | Killed a troll
   220 | D        | Reached skill level 7 in Maces & Flails
   220 | D        | Reached XP level 6. HP: 27/45 MP: 6/6
   222 | D        | Killed a yak
   223 | D        | Reached XP level 7. HP: 18/51 MP: 7/7
   226 | D        | Killed a wraith
   227 | D        | Reached skill level 8 in Maces & Flails
   575 | D        | Killed a yak
   576 | D        | Reached skill level 1 in Evocations
   576 | D        | Reached XP level 8. HP: 57/57 MP: 8/8
   579 | D        | Reached skill level 9 in Maces & Flails
   688 | D        | Noticed a vampire
   688 | D        | Noticed a troll
   688 | D        | Noticed a manticore
   688 | D        | Noticed a deep elf pyromancer
   688 | D        | Noticed a centaur warrior
   688 | D        | Noticed a troll
   694 | D        | Killed a troll
   695 | D        | Reached skill level 10 in Fighting
   695 | D        | Reached skill level 1 in Stealth
   697 | D        | Killed a centaur warrior
   698 | D        | Reached skill level 11 in Maces & Flails
   698 | D        | Reached skill level 10 in Armour
   698 | D        | Reached skill level 10 in Shields
   698 | D        | Reached XP level 9. HP: 24/63 MP: 9/9
   704 | D        | Killed a deep elf pyromancer
   705 | D        | Reached skill level 12 in Maces & Flails
   709 | D        | Killed a manticore
   710 | D        | Reached skill level 5 in Dodging
   724 | D        | Killed a troll
   733 | D        | Reached skill level 13 in Maces & Flails
   782 | D        | Noticed Harold
   796 | D        | Killed Harold
   797 | D        | Reached XP level 10. HP: 36/71 MP: 10/10
   961 | D        | Noticed a seven-headed hydra
   961 | D        | Noticed a cane toad
   961 | D        | Noticed a seven-headed hydra
   964 | D        | Noticed a cane toad
   973 | D        | Killed a seven-headed hydra
   974 | D        | Reached skill level 14 in Maces & Flails
   977 | D        | Killed a seven-headed hydra
   982 | D        | Killed a cane toad
   990 | D        | Reached skill level 15 in Maces & Flails
   995 | D        | Killed a cane toad
  1238 | D        | Noticed a catoblepas
  1238 | D        | Noticed a cane toad
  1259 | D        | Killed a catoblepas
  1260 | D        | Reached XP level 11. HP: 70/78 MP: 11/11
  1263 | D        | Reached skill level 16 in Maces & Flails
  1516 | D        | Noticed an ettin
  1520 | D        | Reached skill level 17 in Maces & Flails
  1814 | D        | Killed an ettin
  2373 | D        | Noticed an orc sorcerer
  2373 | D        | Noticed an orc knight
  2394 | D        | Killed an orc knight
  2399 | D        | Killed an orc sorcerer
  2443 | D        | Reached skill level 15 in Fighting
  2639 | D        | Found Uphulaif's General Store.
  2639 | D        | Noticed an orc sorcerer
  2639 | D        | Noticed an orc high priest
  2640 | D        | Noticed an orc knight
  2643 | D        | Noticed a sun demon
  2646 | D        | Noticed an orc sorcerer
  2648 | D        | Killed an orc high priest
  2649 | D        | Reached skill level 5 in Stealth
  2659 | D        | Noticed a sun demon
  2663 | D        | Noticed an orc sorcerer
  2663 | D        | Killed an orc sorcerer
  2664 | D        | Found Onkugauf's Book Shop.
  2666 | D        | Noticed an orc high priest
  2669 | D        | Killed an orc sorcerer
  2669 | D        | Killed an orc sorcerer
  2670 | D        | Reached skill level 18 in Maces & Flails
  2670 | D        | Reached XP level 12. HP: 39/88 MP: 12/12
  2682 | D        | Found Pefotticw's Distillery.
  2684 | D        | Found Uha Reor's Antique Weapon Shop.
  2695 | D        | Killed an orc high priest
  2702 | D        | Noticed an orc high priest
  2719 | D        | Killed an orc high priest
  2797 | D        | Bought a potion of haste for 120 gold pieces
  2801 | D        | Bought a potion of might for 48 gold pieces
  2801 | D        | Bought a potion of curing for 36 gold pieces
  2801 | D        | Bought a potion of attraction for 36 gold pieces
  2801 | D        | Bought a potion of attraction for 36 gold pieces
  2801 | D        | Bought a potion of resistance for 120 gold pieces
  2801 | D        | Bought a potion of curing for 36 gold pieces
  2801 | D        | Bought a potion of berserk rage for 60 gold pieces
  2801 | D        | Bought a potion of attraction for 36 gold pieces
  2805 | D        | Bought the +10 morningstar "Eos" {elec, Halo rElec} for
                  | 2146 gold pieces
  2805 | D        | Found the +10 morningstar "Eos" {elec, Halo rElec}
  2986 | D        | Noticed Maurice
  2997 | D        | Killed Maurice
  3173 | D        | Noticed Grum
  3182 | D        | Killed Grum
  3343 | D        | Noticed a boulder beetle
  3343 | D        | Noticed a four-headed hydra
  3343 | D        | Noticed a centaur warrior
  3347 | D        | Killed a centaur warrior
  3350 | D        | Killed a four-headed hydra
  3357 | D        | Noticed a centaur warrior
  3368 | D        | Noticed a vampire knight
  3371 | D        | Noticed a white very ugly thing
  3372 | D        | Killed a centaur warrior
  3375 | D        | Noticed a stone giant
  3376 | D        | Noticed a stone giant
  3379 | D        | Killed a vampire knight
  3380 | D        | Reached skill level 19 in Maces & Flails
  3384 | D        | Slain by a white very ugly thing

Illustrated notes

Levels and vault maps discovered:
D:        linesprint [early_d, line_temple, items_1, d_10, items_2, lair_1,
          lair_end, items_3, orc_1, orc_end, items_4, d_15, swamp_1, shoals_1,
          snake_1, spider_1, d_20, vaults_1, items_5, swamp_end, shoals_end,
          snake_end, spider_end, vaults_end, d_27, items_6, zot_1, zot_end,
          crypt_end, forest_end, elf_end, slime_end, tomb_end, abyss_end,
          pan_hell_end]

Skill      XL: |  1  2  3  4  5  6  7  8  9 10 11 12 |
---------------+-------------------------------------+-----
Armour         | 6 8 9 10 11 13 14 | 14.4
Fighting       | 5 6 8 9 10 11 13 15 16 | 16.7
Maces & Flails | 3 4 7 8 11 13 15 18 19 | 19.0
Shields        | 5 6 8 9 10 11 12 13 | 13.5
Dodging        | 1 2 3 4 5 6 7 |  7.4
Evocations     | 1 2 3 4 |  4.5
Stealth        | 1 2 3 5 9 |  9.6

Action                   |  1- 3 |  4- 6 |  7- 9 | 10-12 || total
-------------------------+-------+-------+-------+-------++-------
Melee: Flail             |    21 |     9 |       |       ||    30
       Morningstar       |       |    11 |    51 |   320 ||   382
Throw: Throwing net      |       |       |       |     1 ||     1
Invok: Potion Petition   |       |       |       |     4 ||     4
Evoke: Wand              |       |     3 |     4 |     3 ||    10
  Use: Potion            |     1 |     1 |     6 |     4 ||    12
       Scroll            |       |       |       |     1 ||     1
 Stab: Distracted        |       |       |       |     2 ||     2
       Invisible         |       |       |       |     9 ||     9
Armor: Scale mail        |     7 |     2 |       |       ||     9
       Ring mail         |       |    10 |    39 |       ||    49
       Chain mail        |       |       |       |   106 ||   106
Dodge: Dodged            |    10 |    10 |    27 |    66 ||   113
Block: Buckler           |     6 |     6 |    10 |    51 ||    73

Table legend: (Time is in decaauts)
 A = Elapsed time spent in this place.
 B = Non-inter-level travel time spent in this place.
 C = Inter-level travel time spent in this place.
 D = Time resting spent in this place.
 E = Time spent auto-exploring this place.
 F = Levels seen in this place.
 G = Mean time per level.
                   A        B        C        D        E       F      G
               +--------+--------+--------+--------+--------+-----+--------+
         Total |   3255 |   3248 |      7 |   1295 |    450 |   1 | 3255.0 |
       Dungeon |   3255 |   3248 |      7 |   1295 |    450 |   1 | 3255.0 |
               +--------+--------+--------+--------+--------+-----+--------+

Top non-repeatable levels by time:
       D: 3255 daAuts
